 Dungeon Crawl Stone Soup version 0.30-b1-5-g8e6c1be481 (webtiles) character file.

Game seed: 2845463628427719805

123609 Gabide the Brawler (level 16, -18/149 HPs)
             Began as a White Draconian Delver on May 4, 2023.
             Was an Initiate of Gozag.
             Killed from afar by an eleionoma (32 damage)
             ... with a spray of wooden splinters
             ... on level 3 of the Lair of Beasts.
             The game lasted 01:24:39 (37997 turns).

Gabide the Brawler (White Draconian Delver)        Turns: 37997, Time: 01:24:39

Health: -18/149    AC: 17    Str: 22    XL:     16   Next: 37%
Magic:  29/29      EV: 21    Int: 13    God:    Gozag
Gold:   1732       SH:  0    Dex: 20    Spells: 26/33 levels left

rFire   + .          .
                       - Unarmed
rCold   + . .        (no shield)
rNeg    . . .        (body armour unavailable)
rPois   +            (helmet restricted)
rElec   +            i - +2 cloak
rCorr   .            F - +2 pair of gloves {Dex+3}
SInv    .            M - +1 pair of boots
Will    +....        I - amulet "Wiqes" {Contam rElec Regen+ Int+2 Dex+4}
Stlth   +            t - ring of protection from fire
HPRegen 1.24/turn    c - ring of poison resistance
MPRegen 0.21/turn

%: no passive effects
@: confused, about to teleport, short of breath, ambrosia-drunk, gold aura,
hasted, studying 2 skills, very quick
A: breathe frost, AC +9, unfitting armour, cold resistance 1, cold-blooded
a: Breathe Frost, Renounce Religion, Potion Petition, Call Merchant, Bribe
Branch


You were on level 3 of the Lair of Beasts.
You worshipped Gozag.
Gozag was most pleased with you.
You visited 5 branches of the dungeon, and saw 24 of its levels.
You also visited: Ice Cave.

You collected 4890 gold pieces.
You spent 1292 gold pieces at shops.
You paid 1866 gold pieces to Gozag.

Inventory:

Missiles
 z - 6 silver javelins
 J - 8 curare-tipped darts
Armour
 i - a +2 cloak (worn)
 F - a +2 pair of gloves of dexterity (worn)
 L - an orb of wrath
 M - a +1 pair of boots (worn)
Jewellery
 c - a ring of poison resistance (right hand)
 t - a ring of protection from fire (left hand)
 w - a ring of positive energy
 x - a ring of see invisible
 B - a ring of protection from cold
 C - a ring of positive energy
 G - a ring of protection from cold
 I - the amulet "Wiqes" (around neck) {Contam rElec Regen+ Int+2 Dex+4}
   (You found it in an ice cave)

   [amulet of regeneration]

   Int:       It affects your intelligence (+2).
   Dex:       It affects your dexterity (+4).
   rElec:     It insulates you from electricity.
   Contam:    It causes magical contamination when unequipped.
   Regen:     It increases your rate of health regeneration.
Wands
 e - a wand of digging (6)
 l - a wand of flame (23)
 O - a wand of mindburst (10)
 P - a wand of polymorph (5)
Scrolls
 a - 5 scrolls of fog
 b - 5 scrolls of magic mapping
 g - 5 scrolls of vulnerability
 m - 2 scrolls of immolation
 o - 8 scrolls of identify
 q - 2 scrolls of poison
 r - 5 scrolls of teleportation
 v - 5 scrolls of amnesia
 y - 2 scrolls of torment
 N - a scroll of silence
Potions
 d - 4 potions of brilliance
 f - 6 potions of mutation
 h - a potion of magic
 j - 3 potions of cancellation
 k - 2 potions of resistance
 s - 2 potions of haste
 u - 3 potions of flight
 D - a potion of might
 K - 4 potions of attraction
Miscellaneous
 n - a lightning rod (4/4)
 E - a phantom mirror


   Skills:
 - Level 15.0 Fighting
 - Level 13.0 Dodging
 - Level 5.0 Stealth
 - Level 19.0 Unarmed Combat
 - Level 9.0 Spellcasting
 + Level 9.4 Transmutations


You had 26 spell levels left.
You knew the following spells:

 Your Spells              Type           Power      Damage    Failure   Level
a - Dragon Form           Tmut           15%        N/A       92%         7

Your spell library contained the following spells:

 Spells                   Type           Power      Damage    Failure   Level
 Sting                    Tmut/Pois      72%        1d6       1%          1
 Foxfire                  Conj/Fire      20%        2x1d5     12%         1
 Shock                    Conj/Air       20%        1d4       12%         1
 Poisonous Vapours        Pois/Air       10%        N/A       19%         2
 Petrify                  Tmut/Erth      18%        N/A       19%         4
 Inner Flame              Hex/Fire       5%         N/A       36%         3
 Swiftness                Air            5%         N/A       36%         3
 Volatile Blastmotes      Fire/Tloc      10%        2d10      36%         3
 Airstrike                Air            2%         2d(1-17)  77%         4
 Anguish                  Hex/Necr       2%         N/A       77%         4
 Cause Fear               Hex            2%         N/A       77%         4
 Flame Wave               Conj/Fire      5%         2d5       77%         4
 Fulminant Prism          Conj/Hex       2%         3d5       77%         4
 Iskenderun's Mystic Bla  Conj/Tloc      5%         2d3       77%         4
 Olgreb's Toxic Radiance  Pois           5%         N/A       77%         4
 Sticky Flame             Conj/Fire      5%         2d3       77%         4
 Statue Form              Tmut/Erth      12%        N/A       95%         6
 Fireball                 Conj/Fire      2%         3d4       98%         5
 Lee's Rapid Deconstruct  Erth           2%         3d5*      98%         5
 Metabolic Englaciation   Hex/Ice        2%         N/A       98%         5
 Plasma Beam              Fire/Air       2%         2x1d14    100%        6
 Starburst                Conj/Fire      2%         6d3       100%        6
 Enfeeble                 Hex            2%         N/A       100%        7
 Dragon's Call            Summ           2%         N/A       100%        9


Dungeon Overview and Level Annotations

Branches:
Dungeon (15/15)            Temple (1/1) D:6            Lair (5/5) D:10
  Swamp (1/4) Lair:3       Spider (0/4) Lair:2        Slime (0/5) Lair:5
    Orc (2/2) D:10            Elf (0/3) Orc:2        Vaults (0/5) D:14
 Depths (0/4) D:15          IceCv (visited)

Altars:
Ashenzari
Cheibriados
Dithmenos
Elyvilon
Fedhas
Gozag
Hepliaklqana
Kikubaaqudgha
Makhleb
Nemelex Xobeh
Okawaru
Qazlal
Ru
Sif Muna
Trog
Uskayaw
Vehumet
Wu Jian
Xom
Yredelemnul
Zin
The Shining One
Jiyva

Shops:
D:1 (   D:7 ::??   D:9 *(   Orc:2 (*(([?

Portals:
Trove: D:14 (give 16 potions of curing)

Annotations:
D:13 3 runed translucent doors, dogaso222's ghost, journeyman DsFE
D:14 2 transporters, Louise
D:15 3 runed translucent doors, exclusion: obsidian statue, Kuralita's ghost, journeyman OpTm


Innate Abilities, Weirdness & Mutations

You can breathe waves of freezing cold which knock back foes.
Your icy white scales are hard. (AC +9)
You cannot fit into any form of body armour.
Your flesh is cold resistant. (rC+)
You are cold-blooded and may be slowed by cold attacks.


Message History

The spriggan rider is distracted by your dazzling golden aura.
The eleionoma misses you.
You climb upwards.
Welcome back to the Lair of Beasts!
There is a staircase to the Swamp, spattered with blood here.
Aiming: Breathe Frost (1% risk of failure)
Press: ? - help, Q - select action, (/) - cycle Shift-Dir - straight line, f - eleionoma
Aim: an eleionoma (moderately wounded, 71% to hit)
You exhale a wave of freezing cold.
The freezing breath hits the eleionoma!
The eleionoma is heavily wounded.
The eleionoma is knocked back by the freezing wind.
The eleionoma collides with the eleionoma!
The eleionoma is heavily wounded. x2
The freezing breath hits the eleionoma!!
The eleionoma is severely wounded.
The eleionoma is knocked back by the freezing wind.
The eleionoma violently stops moving!
The eleionoma is severely wounded.
The freezing breath hits the eleionoma!
The eleionoma is almost dead.
The eleionoma is knocked back by the freezing wind.
The eleionoma violently stops moving!
The eleionoma is almost dead.
The bog body casts a spell at you. The bolt of cold hits you! You resist.
* * * LOW HITPOINT WARNING * * *
Okay, then.
As you read the scroll of teleportation, it crumbles to dust.
You feel strangely unstable.
The eleionoma splashes around in the water.
You barely miss the bog body. You punch the bog body.
You destroy the bog body!
Okay, then.
Unknown command.
Unknown command.
You are confused.
You feel invigorated.
The eleionoma hurls a spray of splinters at you.
The spray of wooden splinters hits you!!
You die...
Your body crumbles into a pile of gold.

####### ### ##P#...####
###P###.........# ##### #
................# ###...# ###
.........♣..♣.♣♣♣♣ ♣.....###P#
........♣♣♣♣♣♣♣♣@♣ ♣♣♣........'
......#.♣..♣§§♣R$♣♣♣♣♣.♣♣..#P.##.
.....#♣♣♣§§§§§§≈~♣♣.♣~....######.
.....#♣♣.§.§§R§~♣♣..~~....# ##
......♣♣..♣§§§.♣♣...~~~♣#.# #
.....#♣♣§§♣§§§♣♣♣.§≈~~~♣### #
###.## ♣♣.§§§§♣♣♣§♣~~≈~♣ # # ###
♣.§§§§♣§§§♣~~≈~♣ ##
♣♣§~~...§§♣≈~≈≈♣


You could see 2 eleionomae.

Vanquished Creatures
  A golden dragon (IceCv)
  Rupert (D:15)
  Kirke (Lair:5)
  Roxanne (D:15)
  An emperor scorpion (D:15)
  3 orc warlords
  Nessos (D:15)
  A dire elephant (D:14)
  A bunyip (Lair:3)
  Snorg (D:10)
  5 ice dragons (IceCv)
  8 vault guards (D:14)
  A ghost crab (Swamp:1)
  A catoblepas (Lair:5)
  An ogre mage (D:15)
  6 hydras
  5 centaur warriors
  The ghost of Uummannaq the Cleaver, a novice HOFi of Okawaru (D:8)
  5 tengu warriors
  8 two-headed ogres
  2 boulder beetles
  A deep troll shaman (Lair:5)
  10 death yaks
  3 orc high priests (Orc:2)
  13 skeletal warriors
  2 skysharks (Lair:5)
  Lodul (D:12)
  A spriggan druid (Lair:3)
  The ghost of Mysteryquy the Spear-Bearer, a novice NaFi of Cheibriados (D:6)
  An orange crystal statue (IceCv)
  A lindwurm (Lair:5)
  A bog body (Lair:3)
  2 orc knights
  A deep elf pyromancer (D:12)
  7 ugly things
  An oklob plant (Lair:5)
  4 orc sorcerers
  5 manticores
  A salamander (shapeshifter) (D:15)
  A salamander (D:14)
  3 cyclopes
  6 black mambas
  2 torpor snails
  10 elephants
  A gargoyle (D:7)
  5 storm dragon simulacra (IceCv)
  8 cane toads
  Maggie (D:10)
  14 komodo dragons
  2 freezing wraiths (D:15)
  2 rime drakes
  4 kobold demonologists
  2 unseen horrors (D:12)
  An efreet (D:11)
  3 tengu conjurers
  9 golden dragon simulacra (IceCv)
  4 trolls
  A tyrant leech (Lair:3)
  4 polar bears (Lair:5)
  A hornet (D:11)
  2 jumping spiders (Lair:2)
  18 blink frogs
  10 slime creatures
  Sigmund (D:6)
  4 shadows
  3 wraiths
  5 wyverns
  2 vampires
  7 basilisks
  58 yaks
  2 hogs (Lair:4)
  A steam dragon (Lair:1)
  5 vampire mosquitoes
  4 wargs
  2 acid dragons
  2 swamp worms (Lair:3)
  19 water moccasins
  52 orc warriors
  7 ice beasts
  5 ice dragon simulacra (IceCv)
  2 swamp drakes
  22 ogres
  22 wolves
  11 centaurs
  5 kobold brigands
  14 bullfrogs
  2 scorpions (D:7)
  8 wights
  4 jellies
  4 electric eels
  10 howler monkeys
  A wyvern simulacrum (D:8)
  31 orc priests
  5 hounds
  Crazy Yiuf (D:2)
  A sleepcap (D:6)
  4 gnoll boudas
  12 hell rats
  4 iguanas
  50 orc wizards
  A centaur simulacrum (D:8)
  5 adders
  24 gnolls
  11 river rats (Lair:3)
  5 white imps
  5 ufetubi
  3 worms
  4 dart slugs
  121 orcs
  7 ball pythons
  3 bats
  3 bat zombies (D:6)
  7 endoplasms
  4 giant cockroaches
  8 goblins
  A hobgoblin (D:2)
  4 jackals
  20 kobolds
  5 quokkas
  5 rats
  3 rat zombies (D:6)
  A butterfly (Lair:3)
867 creatures vanquished.

Vanquished Creatures (collateral kills)
  Sonja (D:11)
  A lindwurm simulacrum (IceCv)
2 creatures vanquished.

Vanquished Creatures (others)
  A swamp dragon (Swamp:1)
  A storm dragon simulacrum (IceCv)
  2 bloated husks (Swamp:1)
  2 humans (Lair:5)
  A swamp worm (Swamp:1)
  An ufetubus (D:8)
  7 orcs (Orc:2)
  43 fungi
  83 plants
141 creatures vanquished.

Grand Total: 1010 creatures vanquished

Notes
Turn   | Place    | Note
-------+----------+-------------------------------------------
     0 | D:5      | Gabide the Draconian Delver began the quest for the Orb.
     0 | D:5      | Reached XP level 1. HP: 19/19 MP: 1/1
    59 | D:5      | Noticed a hound
   248 | D:4      | Noticed an orc priest
   310 | D:4      | Noticed a jelly
   343 | D:4      | Noticed a howler monkey
   428 | D:3      | Found a burning altar of Makhleb.
   442 | D:3      | Reached XP level 2. HP: 22/26 MP: 2/2
   662 | D:2      | Reached XP level 3. HP: 29/31 MP: 3/3
   767 | D:1      | Found Kyek Axui's Weapon Boutique.
   992 | D:1      | Found a faded altar of an unknown god.
  1197 | D:1      | Reached skill level 3 in Unarmed Combat
  1621 | D:2      | Reached XP level 4. HP: 40/40 MP: 4/4
  1663 | D:2      | Found a runed translucent door.
  1664 | D:2      | Noticed Crazy Yiuf
  2166 | D:2      | Reached skill level 5 in Stealth
  2641 | D:2      | Reached XP level 5. HP: 36/46 MP: 5/5
  2821 | D:2      | Killed Crazy Yiuf
  2931 | D:3      | Reached skill level 4 in Unarmed Combat
  3590 | D:4      | Reached XP level 6. HP: 52/53 MP: 6/6
  3954 | D:4      | Reached skill level 5 in Unarmed Combat
  4341 | D:4      | Reached skill level 5 in Fighting
  4524 | D:5      | Your scales start taking on an icy white colour.
  4524 | D:5      | Reached XP level 7. HP: 61/61 MP: 7/7
  4524 | D:5      | Gained mutation: Your flesh is cold resistant. (rC+) [White
                  | Draconian growth]
  4794 | D:5      | Reached skill level 6 in Unarmed Combat
  5077 | D:6      | Noticed Sigmund
  5629 | D:5      | Reached XP level 8. HP: 36/70 MP: 8/8
  5841 | D:6      | Killed Sigmund
  5842 | D:6      | Reached skill level 7 in Unarmed Combat
  5952 | D:6      | Found a sacrificial altar of Ru.
  5964 | D:6      | Found a staircase to the Ecumenical Temple.
  6075 | D:6      | Reached skill level 5 in Dodging
  6077 | D:6      | Found a runed translucent door.
  6085 | D:6      | Noticed Mysteryquy's ghost (novice NaFi)
  6113 | D:6      | Noticed a two-headed ogre
  6265 | D:6      | Reached skill level 8 in Unarmed Combat
  6638 | D:7      | Found Isas's Magic Scroll Shoppe.
  6748 | D:7      | Bought a scroll of identify for 28 gold pieces
  6748 | D:7      | Bought a scroll of teleportation for 42 gold pieces
  6748 | D:7      | Bought a scroll of enchant armour for 105 gold pieces
  6748 | D:7      | Bought a scroll of teleportation for 42 gold pieces
  6749 | D:7      | Bought a scroll of fog for 56 gold pieces
  6749 | D:7      | Bought a scroll of fog for 56 gold pieces
  6993 | D:7      | Found a bloodstained altar of Trog.
  6993 | D:7      | Found a snail-covered altar of Cheibriados.
  7030 | D:7      | Reached XP level 9. HP: 63/79 MP: 9/9
  7143 | D:7      | Found a white marble altar of Elyvilon.
  7396 | D:7      | Noticed a gargoyle
  7426 | D:7      | Killed a gargoyle
  7546 | D:7      | Reached skill level 9 in Unarmed Combat
  7846 | D:7      | Found Lugg's Book Shop.
  7868 | D:7      | Found Jepsol's Magic Scroll Boutique.
  8022 | D:7      | Found Wibodgh's Book Boutique.
  8450 | D:8      | Reached skill level 10 in Unarmed Combat
  8615 | D:8      | Noticed a cyclops
  8620 | D:8      | Noticed an eight-headed hydra
  8623 | D:8      | Killed a cyclops
  8624 | D:8      | Reached XP level 10. HP: 90/90 MP: 10/10
  8630 | D:8      | Killed an eight-headed hydra
  8979 | D:8      | Reached skill level 11 in Unarmed Combat
  9031 | D:8      | Found a runed translucent gate.
  9032 | D:8      | Found a runed translucent gate.
  9032 | D:8      | Found a runed translucent gate.
  9032 | D:8      | Noticed Uummannaq's ghost (novice HOFi)
  9033 | D:8      | Identified the +0 chain mail of Golden Contentment {rC+
                  | Int+6 Slay-3 SInv}
  9092 | D:8      | Found a stormy altar of Qazlal.
  9832 | D:6      | Killed a two-headed ogre
 10107 | D:6      | Found an ancient bone altar of Kikubaaqudgha.
 10888 | D:8      | Reached skill level 12 in Unarmed Combat
 11255 | D:9      | Reached XP level 11. HP: 98/99 MP: 11/11
 11517 | D:9      | Found Ehorum's Weapon Emporium.
 11543 | D:9      | Reached skill level 10 in Fighting
 11736 | D:9      | Found Zin's Purification Station.
 11739 | D:9      | Found a glowing silver altar of Zin.
 11902 | D:10     | Entered Level 10 of the Dungeon
 11904 | D:10     | Found a sparkling altar of Nemelex Xobeh.
 12491 | D:10     | Found a staircase to the Lair.
 12523 | D:10     | Noticed Snorg
 12541 | D:10     | Killed Snorg
 12592 | D:10     | Reached skill level 13 in Unarmed Combat
 13308 | D:10     | Found a staircase to the Orcish Mines.
 13361 | D:10     | Noticed Maggie
 13379 | D:10     | Killed Maggie
 13990 | D:6      | Killed Mysteryquy's ghost
 14098 | D:8      | Killed Uummannaq's ghost
 14254 | Lair:1   | Entered Level 1 of the Lair of Beasts
 14789 | Lair:1   | Reached XP level 12. HP: 110/110 MP: 12/12
 14832 | Lair:1   | Reached skill level 14 in Unarmed Combat
 16263 | Lair:2   | Noticed a death yak
 16286 | Lair:2   | Killed a death yak
 16287 | Lair:2   | Reached skill level 10 in Dodging
 16295 | Lair:2   | Reached skill level 15 in Unarmed Combat
 16502 | Lair:2   | Found a hole to the Spider Nest.
 16673 | Lair:2   | You fall into a shaft and drop 2 floors!
 17188 | Lair:3   | Noticed a five-headed hydra
 17197 | Lair:3   | Killed a five-headed hydra
 17225 | Lair:3   | Noticed an eight-headed hydra
 17226 | Lair:3   | Noticed an eight-headed hydra
 17489 | Lair:3   | Killed an eight-headed hydra
 17490 | Lair:3   | Reached XP level 13. HP: 64/119 MP: 13/13
 18619 | Lair:3   | Found a staircase to the Swamp.
 18958 | Lair:4   | Identified the +6 flail "Widowermaker" {heavy, rC+ Dex+2}
 19403 | Lair:4   | Reached skill level 16 in Unarmed Combat
 20145 | Lair:5   | Entered Level 5 of the Lair of Beasts
 20365 | Lair:5   | Noticed Kirke
 20430 | Lair:5   | Noticed a sphinx
 20430 | Lair:5   | Killed Kirke
 21392 | Lair:5   | Reached skill level 17 in Unarmed Combat
 22024 | Lair:5   | Identified the +8 shortbow of the Swamp {freeze, rF+ Dex+4
                  | Stlth-}
 22097 | Lair:5   | Reached XP level 14. HP: 120/130 MP: 14/14
 23153 | Lair:4   | HP: 4/132 [cane toad (17)]
 24237 | Lair:5   | Found a staircase to the Slime Pits.
 24238 | Lair:5   | Found a viscous altar of Jiyva.
 25236 | D:11     | Reached skill level 18 in Unarmed Combat
 25353 | D:11     | Noticed Sonja
 25361 | D:11     | Killed Sonja
 27440 | D:12     | Noticed Lodul
 27468 | D:12     | Killed Lodul
 28351 | D:13     | Found a runed translucent gate.
 28351 | D:13     | Found a runed translucent gate.
 28351 | D:13     | Found a runed translucent gate.
 28361 | D:13     | Found an ancient bone altar of Kikubaaqudgha.
 28362 | D:13     | Noticed a lich
 28362 | D:13     | Noticed a lich
 28362 | D:13     | Noticed a lich
 28362 | D:13     | Noticed a lich
 28363 | D:13     | Noticed dogaso222's ghost (journeyman DsFE)
 29034 | D:13     | Reached skill level 15 in Fighting
 30196 | D:14     | Found a transporter.
 30281 | D:14     | Reached XP level 15. HP: 141/141 MP: 15/15
 30288 | D:14     | Found a transporter.
 30453 | D:14     | Reached skill level 19 in Unarmed Combat
 30504 | D:14     | Found an iron altar of Okawaru.
 30591 | D:14     | Found a gate to the Vaults.
 30633 | D:14     | Reached skill level 1 in Spellcasting
 30938 | D:14     | Found a portal to a secret trove of treasure.
 30999 | D:14     | Noticed Louise
 31198 | Temple   | Entered the Ecumenical Temple
 31414 | Temple   | Became a worshipper of Gozag Ym Sagoz the Greedy
 31581 | D:15     | Entered Level 15 of the Dungeon
 31591 | D:15     | Noticed Roxanne
 31660 | D:15     | Reached skill level 5 in Spellcasting
 31847 | D:15     | Noticed Rupert
 31880 | D:15     | Killed Rupert
 32066 | D:15     | Found a frozen archway.
 32078 | D:15     | Identified the +6 shortbow of Ash {heavy, Contam +Blink
                  | Dex+4}
 32092 | IceCv    | Entered an ice cave
 32319 | IceCv    | HP: 4/141 [ice dragon/blast of cold (20)]
 33272 | IceCv    | Noticed a golden dragon
 33763 | IceCv    | Killed a golden dragon
 33764 | IceCv    | Reached skill level 1 in Transmutations
 34001 | IceCv    | Identified the amulet "Wiqes" {Contam rElec Regen+ Int+2
                  | Dex+4}
 34287 | D:15     | Found a staircase to the Depths.
 34287 | D:15     | Noticed Nessos
 34290 | D:15     | Noticed an emperor scorpion
 34306 | D:15     | Killed an emperor scorpion
 34513 | D:15     | Killed Nessos
 34719 | D:15     | Reached skill level 5 in Transmutations
 34799 | D:15     | Found a runed translucent gate.
 34799 | D:15     | Found a runed translucent gate.
 34799 | D:15     | Found a runed translucent gate.
 34801 | D:15     | Found an opulent altar of Gozag.
 34802 | D:15     | Noticed Kuralita's ghost (journeyman OpTm)
 34808 | D:15     | Reached XP level 16. HP: 62/149 MP: 29/29
 35107 | D:15     | Identified a scroll of acquirement
 35108 | D:15     | Acquired a manual of Fighting
 35145 | D:15     | Killed Roxanne
 35279 | D:7      | Bought a book of the Dragon for 690 gold pieces
 35287 | D:7      | Learned a level 7 spell: Dragon Form
 35341 | Orc:1    | Entered Level 1 of the Orcish Mines
 35778 | Orc:1    | Found a shimmering altar of Xom.
 35965 | Orc:2    | Entered Level 2 of the Orcish Mines
 36123 | Orc:2    | Found Xucsyxt's Antique Weapon Boutique.
 36337 | Orc:2    | Found Vaedwaah's Magic Scroll Emporium.
 36406 | Orc:2    | Bought a scroll of silence for 133 gold pieces
 36461 | Orc:2    | Found Oseuts's Antique Weapon Boutique.
 36683 | Orc:2    | Found a shimmering blue altar of Sif Muna.
 36744 | Orc:2    | Found Reggicit's General Store.
 36794 | Orc:2    | Bought a potion of haste for 140 gold pieces
 37321 | Orc:2    | Found a staircase to the Elven Halls.
 37428 | Orc:2    | Found Govac's Antique Weapon Boutique.
 37430 | Orc:2    | Found Xestuedu's Antique Armour Shop.
 37804 | Swamp:1  | Entered Level 1 of the Swamp
 37997 | Lair:3   | Killed from afar by an eleionoma

Illustrated notes

Levels and vault maps discovered:
D:1:      kennysheep_arrival_forest, layout_rooms, ebering_ecumenical_altar_box,
          serial_shops, nicolae_shop_scrapyard
D:2:      layout_basic, uniq_crazy_yiuf_cottage
D:3:      layout_loops_ring, bloody_makhleb
D:4:      layout_gridville, kennysheep_generic_room_9
D:5:      layout_cave_pools
D:6:      layout_rooms, hangedman_ru_absence, lemuel_zombie_altar_kikubaaqudgha,
          temple_statues, ebering_ghost_sewer_d,
          nicolae_kite_square_tiling_tiny, chequers_serial_rivers_room_a,
          grunt_tough_drop, uniq_sigmund
D:7:      layout_loops_ring, marbit_many_paths, gammafunk_temple_overflow_wave,
          serial_shops, nicolae_shop_back_alley_shop,
          nicolae_book_shop_shelving, nicolae_stop_n_shop_2, shop,
          nicolae_figureground_pulse
D:8:      minmay_bloctagon_deflated, layout_rooms, lemuel_round_altar,
          serial_ice, serial_ice_b, serial_ice_h, serial_ice_m, serial_ice_k,
          serial_ice_c, serial_ice_f, biasface_ghost_orc_armoury,
          minmay_parallelograms
D:9:      layout_rooms, zin_purify, serial_shops, shop, minmay_misc_feat_iff
D:10:     layout_gridville, nemelex_xobeh_ov_fountains_minmay,
          minmay_lair_entry_grove, hiddenorc1_lemuel,
          nicolae_straight_to_the_point, uniq_maggie, uniq_snorg
D:11:     layout_irregular_city, uniq_sonja
D:12:     kennysheep_seaside_town, layout_long_grid, uniq_lodul
D:13:     layout_layer_cave, gammafunk_ghost_crypt, kb_tengu_band
D:14:     gammafunk_cloud_chamber, layout_loops_ring, erik_vaults_2,
          chequers_serial_rivers_marsh, nicolae_trove_entry_columns,
          kennysheep_okawaru_gauntlet, uniq_louise
D:15:     hangedman_depths_entry_try_elsewhere_first, layout_rooms,
          portal_ice_cave_entry_frozen_things, ebering_ghost_gozag,
          uniq_roxanne, uniq_nessos, uniq_rupert
Temple:   nicolae_temple_bog_church
Lair:1:   layout_loops_ring, lemuel_fruit_fields, grunt_megastairs_3
Lair:2:   layout_roguey, spider_nest_entry_a, lemuel_fruit_fields
Lair:3:   layout_roguey, palyth_hydra_swamp_entry, kennysheep_rathole,
          grunt_megastairs_2, serial_bayou_shore_b, serial_bayou_shore_a,
          lemuel_fruit_fields, infiniplex_staircase_pool_2
Lair:4:   layout_regular_city, nzn_sisyphean_effort
Lair:5:   grunt_lair_end_beastmaster, layout_loops_ring,
          minmay_slime_entry_pillars, grunt_megastairs_4, uniq_kirke
Swamp:1:  layout_falls_marsh, evilmike_swamp_ruin_house_3
Orc:1:    layout_diamond_mine, basic_altar
Orc:2:    grunt_orc_community_town_hall, layout_caves,
          grunt_orc_community_big_house_1, grunt_orc_community_big_house_1,
          grunt_orc_community_house_2, grunt_orc_community_house_1,
          grunt_orc_community_house_3, grunt_orc_community_house_1,
          grunt_orc_community_house_2, serial_shops, shop, shop_statue,
          kennysheep_orc_sif_temple

Skill      XL: |  1  2  3  4  5  6  7  8  9 10 11 12 13 14 15 16 |
---------------+-------------------------------------------------+-----
Dodging        | 2 3 4 5 6 8 9 10 11 12 13 | 13.0
Unarmed Combat | 3 4 5 6 8 10 12 13 15 17 18 19 | 19.0
Stealth        | 5 |  5.0
Fighting       | 4 5 6 7 8 9 11 12 13 15 | 15.0
Spellcasting   | 9 |  9.0
Transmutations | 5 9 |  9.4

Action                     |  1- 3 |  4- 6 |  7- 9 | 10-12 | 13-15 | 16-18 || total
---------------------------+-------+-------+-------+-------+-------+-------++-------
  Melee: Unarmed           |   145 |   245 |   352 |   805 |  1313 |   511 ||  3371
         Tailslap          |    16 |    39 |    54 |   116 |   249 |   115 ||   589
         Punch             |     1 |     9 |    19 |    78 |   180 |    69 ||   356
  Throw: Javelin           |       |       |       |     2 |     1 |       ||     3
         Dart              |       |       |       |       |    18 |     1 ||    19
 Invoke: Potion Petition   |       |       |       |       |     2 |     1 ||     3
Ability: Breathe Frost     |       |       |    47 |    59 |    87 |     9 ||   202
  Evoke: Wand              |       |       |       |     6 |     2 |       ||     8
         Phantom mirror    |       |       |       |     2 |     2 |       ||     4
    Use: Scroll            |     8 |     5 |     8 |    10 |    12 |     4 ||    47
         Potion            |       |     4 |     2 |     3 |    20 |     1 ||    30
   Stab: Sleeping          |     7 |    12 |     2 |     4 |     7 |     4 ||    36
         Distracted        |       |       |     2 |     1 |     3 |     4 ||    10
         Petrified         |       |       |       |       |     5 |       ||     5
         Invisible         |       |       |       |       |     6 |       ||     6
 Armour: Skin              |    33 |    91 |   144 |   208 |   349 |   123 ||   948
  Dodge: Dodged            |    68 |   127 |   200 |   515 |   844 |   394 ||  2148
  Block: Other             |       |       |       |   116 |   226 |       ||   342
         Reflection        |       |       |       |     2 |     7 |       ||     9
